 Dungeon Crawl Stone Soup version 0.30-a0-857-gcaf70739d4 (webtiles) character file.

Game seed: 2608372589862080809

4040 demibob the Carver (level 10, -3/114 HPs)
             Began as a Demonspawn Wanderer on Mar 5, 2023.
             Was an Initiate of Trog.
             Slain by a yak (12 damage)
             ... on level 9 of the Dungeon.
             The game lasted 00:12:24 (9092 turns).

demibob the Carver (Demonspawn Wanderer)            Turns: 9092, Time: 00:12:25

Health: -3/114     AC:  9    Str: 14    XL:     10   Next: 4%
Magic:  13/13      EV: 12    Int: 18    God:    Trog [......]
Gold:   255        SH:  0    Dex: 11    Spells: 13/13 levels left

rFire   + . .      SeeInvis +    a - +1 great sword (freeze)
rCold   + . .      Faith    .    (shield currently unavailable)
rNeg    . . .      Spirit   .    y - +0 leather armour {rPois}
rPois   +          Reflect  .    k - +1 helmet
rElec   .          Rampage  .    s - scarf {rC+ rF+}
rCorr   .                        (no gloves)
Will    .....                    b - +0 pair of boots Stlth
                                 O - amulet of the acrobat
HPRegen 0.39/turn                v - ring of see invisible
MPRegen 0.13/turn                L - ring of flight

@: mighty, berserking (expiring), flying, very quick
A: claws 1, icy blue scales 1, powered by pain 2
a: Renounce Religion


You were on level 9 of the Dungeon.
You worshipped Trog.
Trog was noncommittal.
You visited 1 branch of the dungeon, and saw 9 of its levels.
You also visited: Sewer.

You collected 426 gold pieces.
You spent 171 gold pieces at shops.


Innate Abilities, Weirdness & Mutations

You have sharp fingernails.
You are partially covered in icy blue scales. (AC +2)
You sometimes gain power by taking damage.


   Skills:
 + Level 6.2 Fighting
 * Level 10.6 Long Blades
 + Level 5.5 Armour
 - Level 3.8 Dodging
 - Level 2.0 Spellcasting
 - Level 1.0 Air Magic


You had 13 spell levels left.
You didn't know any spells.
Your spell library contained the following spells:

 Spells                   Type           Power      Damage    Failure   Level
 Foxfire                  Conj/Fire      4%         2x1d4     22%         1
 Poisonous Vapours        Pois/Air       6%         N/A       26%         2
 Static Discharge         Conj/Air       6%         2-3/arc   26%         2
 Tukima's Dance           Hex            1%         N/A       54%         3
 Passage of Golubria      Tloc           1%         N/A       91%         4
 Fireball                 Conj/Fire      0%         3d3       99%         5
 Yara's Violent Unravell  Hex/Tmut       0%         3d3       99%         5
 Starburst                Conj/Fire      0%         6d3       100%        6

Inventory:

Hand Weapons
 a - a +1 great sword of freezing (weapon)
 P - a +3 heavy falchion
Missiles
 G - a throwing net {=f}
Armour
 b - a +0 pair of boots (worn)
 d - a +0 cloak
 j - a scarf of harm
 k - a +1 helmet (worn)
 s - a scarf of resistance (worn)
 y - a +0 leather armour of poison resistance (worn)
Magical Staves
 m - a staff of death {!a}
 u - a staff of conjuration {!a}
Jewellery
 v - a ring of see invisible (left claw)
 C - a ring of protection from cold
 F - an amulet of regeneration
 I - a +6 ring of intelligence
 L - a ring of flight (right claw)
 O - an amulet of the acrobat (around neck)
 Z - a ring of wizardry
Wands
 x - a wand of polymorph (3)
 H - a wand of charming (14)
 K - a wand of iceblast (4)
Scrolls
 e - 2 scrolls of amnesia
 i - a scroll of fear
 n - 4 scrolls of teleportation {@r2}
 p - a scroll of enchant weapon
 r - a scroll of butterflies
 t - a scroll of enchant armour
 E - a scroll of fog
 J - a scroll of magic mapping
 M - a scroll of identify {@r1}
Potions
 c - 4 potions of attraction
 f - 3 potions of ambrosia
 g - 2 potions of magic
 l - a potion of cancellation
 o - a potion of haste {@q3}
 q - 4 potions of heal wounds {@q2}
 w - 2 potions of might {unknown}
 z - a potion of curing {unknown}
 A - a potion of invisibility {unknown}
 B - a potion of mutation {unknown}
 D - 2 potions of brilliance
 N - a potion of lignification {unknown}

Dungeon Overview and Level Annotations

Branches:
Dungeon (9/15)              Sewer (visited)
 Temple: D:4-7         Lair: D:8-11         Orc: D:9-12

Altars:
Trog

Shops:
D:7 [

Annotations:
D:2 1 runed translucent door, Crazy Yiuf

#######
#.....###################
#.......................###
...........................
................†Y.[.......
.......#######..@######....
.).....#....<#####....# .
.......#..............#
.......####....[......#
..........#...........#
..........#...........#
..........#...###.....#
..........#####.#'#####..
.........................


You could see a yak.


Message History

The yak gores you but does no damage.
You slash the yak! You freeze the yak.
The yak is heavily wounded.
The yak gores you!
* * * LOW HITPOINT WARNING * * *
You focus on the pain.
You feel mightier all of a sudden. The yak barely misses you.
You slash the yak! You freeze the yak.
The yak is almost dead.
You slash the yak! You freeze the yak.
You kill the yak!
Trog accepts your kill. The yak gores you but does no damage.
You hit the yak. You freeze the yak.
The yak is lightly wounded.
The yak gores you!
* * * LOW HITPOINT WARNING * * *
You focus on the pain.
You feel mightier all of a sudden.
You completely miss the yak.
The yak is lightly wounded.
The yak gores you!
* * * LOW HITPOINT WARNING * * *
You barely miss the yak.
The yak is lightly wounded.
You slash the yak! You freeze the yak.
The yak is heavily wounded.
The yak gores you!
You die...

Skill      XL: |  1  2  3  4  5  6  7  8  9 |
---------------+----------------------------+-----
Long Blades    | 3 4 5 6 7 9 10 | 10.6
Dodging        | 3 |  3.8
Fighting       | 2 4 6 |  6.2
Armour         | 2 4 5 |  5.5
Spellcasting   | |  2.0
Air Magic      | |  1.0

Action                     |  1- 3 |  4- 6 |  7- 9 | 10-12 || total
---------------------------+-------+-------+-------+-------++-------
  Melee: Falchion          |   116 |   197 |   350 |       ||   663
         Punch             |     1 |     2 |     3 |       ||     6
         Great sword       |       |       |    17 |     9 ||    26
    Use: Scroll            |     5 |     6 |    11 |       ||    22
         Potion            |     1 |     1 |     4 |       ||     6
   Stab: Sleeping          |     1 |       |       |       ||     1
         Distracted        |       |     1 |       |       ||     1
 Armour: Robe              |    38 |    19 |       |       ||    57
         Leather armour    |       |    50 |   120 |     3 ||   173
  Dodge: Dodged            |    70 |   155 |   229 |     2 ||   456

Levels and vault maps discovered:
D:1:      amcnicky_arrival_wind_blow, layout_basic, minmay_tall_x
D:2:      minmay_angry_zag, layout_basic, hangedman_decor_slide_cut,
          uniq_crazy_yiuf_cottage
D:3:      layout_basic, dk_noncrumbling_2, grunt_ministairs_6,
          hangedman_decor_growths, uniq_natasha
D:4:      wad_lake_hut, layout_layer_cave, minmay_temple_entry_glass
D:5:      layout_gridville, minmay_misc_feat_four_crosses,
          chequers_serial_rivers_micro_b, minivault_24, uniq_pikel, uniq_edmund
D:6:      layout_basic, nicolae_tso_carved_into_rock,
          cheibrodos_sewer_entry_drain, minivault_1
D:7:      layout_basic, marbit_many_paths, serial_shops, nicolae_shop_waterfront
D:8:      layout_basic, trog_ov_bears_minmay
D:9:      minmay_the_grid_octo_tiled_squarecenter [minmay_the_grid_octo_empty,
          minmay_the_grid_octo_pinwheel, minmay_the_grid_octo_77,
          minmay_the_grid_octo_odd_swirl,
          minmay_the_grid_square_5x5_megaprize_hollow,
          minmay_the_grid_square_5x5_minivault,
          minmay_the_grid_square_5x5_corner,
          minmay_the_grid_square_5x5_beaten_path,
          minmay_the_grid_square_5x5_sharp_hourglass], layout_irregular_city,
          kb_rosetta

Notes
Turn   | Place    | Note
-------+----------+-------------------------------------------
     0 | D:1      | demibob the Demonspawn Wanderer began the quest for the
                  | Orb.
     0 | D:1      | demibob set off with the following items: a +2 falchion, a
                  | +0 pair of boots, a potion of attraction, a +0 robe; and
                  | the following spells available to memorise: Poisonous
                  | Vapours, Static Discharge.
     0 | D:1      | Reached XP level 1. HP: 15/15 MP: 3/3
   235 | D:1      | Reached skill level 3 in Long Blades
   262 | D:1      | Gained mutation: You have sharp fingernails. [demonic
                  | ancestry]
   262 | D:1      | Reached XP level 2. HP: 21/21 MP: 5/5
   347 | D:1      | Reached skill level 3 in Dodging
   614 | D:1      | Reached XP level 3. HP: 19/26 MP: 6/6
  1054 | D:2      | Noticed an ogre
  1065 | D:2      | Killed an ogre
  1066 | D:2      | Reached skill level 4 in Long Blades
  1066 | D:2      | Reached XP level 4. HP: 22/32 MP: 7/7
  1066 | D:2      | Reached XP level 5. HP: 25/37 MP: 8/8
  1225 | D:2      | Found a runed translucent door.
  1226 | D:2      | Noticed Crazy Yiuf
  2312 | D:3      | Reached skill level 5 in Long Blades
  2516 | D:3      | Noticed Natasha
  2530 | D:3      | Killed Natasha
  2651 | D:3      | Noticed Natasha
  2662 | D:3      | Killed Natasha
  2781 | D:3      | Gained mutation: You sometimes gain a little power by
                  | taking damage. [demonic ancestry]
  2781 | D:3      | Reached XP level 6. HP: 43/43 MP: 9/9
  2783 | D:3      | Identified a scarf of resistance
  3065 | D:3      | Noticed Natasha
  3075 | D:3      | Killed Natasha
  3389 | D:4      | Reached skill level 6 in Long Blades
  3740 | D:5      | Entered Level 5 of the Dungeon
  3842 | D:5      | Gained mutation: You are partially covered in icy blue
                  | scales. (AC +2) [demonic ancestry]
  3842 | D:5      | Reached XP level 7. HP: 8/48 MP: 10/10
  4125 | D:5      | Noticed Pikel
  4148 | D:5      | Killed Pikel
  4149 | D:5      | Reached skill level 2 in Fighting
  4149 | D:5      | Reached skill level 7 in Long Blades
  4149 | D:5      | Reached skill level 2 in Armour
  4323 | D:5      | Noticed Edmund
  4359 | D:5      | Killed Edmund
  4360 | D:5      | Gained mutation: You sometimes gain power by taking damage.
                  | [demonic ancestry]
  4360 | D:5      | Reached XP level 8. HP: 32/57 MP: 11/11
  4383 | D:5      | Reached skill level 3 in Fighting
  4530 | D:5      | Reached skill level 8 in Long Blades
  4915 | D:5      | Reached skill level 3 in Armour
  5414 | D:6      | Found a glowing drain.
  5436 | Sewer    | Entered a sewer
  5546 | Sewer    | Reached skill level 4 in Fighting
  6843 | D:7      | Reached skill level 9 in Long Blades
  6896 | D:7      | Reached skill level 4 in Armour
  6896 | D:7      | Reached XP level 9. HP: 66/66 MP: 12/12
  6959 | D:7      | Found Tamall's Antique Armour Shoppe.
  6965 | D:7      | Bought a brightly glowing scale mail for 171 gold pieces
  6965 | D:7      | Identified the +0 scale mail of Dim Light {Harm Rampage
                  | +Inv Int-5} (You bought it in a shop on level 7 of the
                  | Dungeon)
  7764 | D:8      | Reached skill level 5 in Fighting
  8241 | D:8      | Reached skill level 10 in Long Blades
  8372 | D:8      | Reached skill level 5 in Armour
  8595 | D:8      | Found a bloodstained altar of Trog.
  8952 | D:8      | Became a worshipper of Trog the Wrathful
  9073 | D:9      | Reached skill level 6 in Fighting
  9084 | D:9      | Reached XP level 10. HP: 44/76 MP: 13/13
  9090 | D:9      | HP: 9/114 [yak (9)]
  9092 | D:9      | Slain by a yak

Vanquished Creatures
  Pikel (D:5)
  8 yaks
  A vampire mosquito (D:7)
  An acid dragon (D:8)
  Edmund (D:5)
  3 water moccasins
  2 sky beasts
  3 black bears
  3 ogres
  2 scorpions
  A bullfrog (D:6)
  A killer bee (D:9)
  2 jellies
  2 hounds
  A sleepcap (D:5)
  4 orc priests
  5 orc wizards
  3 iguanas
  Natasha (thrice) (D:3)
  9 adders
  3 gnolls (D:6)
  A shadow imp (D:5)
  A white imp (D:8)
  An ufetubus (D:5)
  4 worms
  A dart slug (D:3)
  19 orcs
  7 ball pythons
  6 endoplasms
  7 giant cockroaches
  12 hobgoblins
  A jackal (D:1)
  5 kobolds
  6 quokkas
  9 bats
  4 frilled lizards
  7 goblins
  3 rats
153 creatures vanquished.

Vanquished Creatures (others)
  An orc wizard (D:7)
1 creature vanquished.

Grand Total: 154 creatures vanquished

Table legend: (Time is in decaauts)
 A = Elapsed time spent in this place.
 B = Non-inter-level travel time spent in this place.
 C = Inter-level travel time spent in this place.
 D = Time resting spent in this place.
 E = Time spent auto-exploring this place.
 F = Levels seen in this place.
 G = Mean time per level.
                   A        B        C        D        E       F      G
               +--------+--------+--------+--------+--------+-----+--------+
         Total |   9155 |   8761 |    394 |    861 |   6539 |  10 |  915.5 |
       Dungeon |   8896 |   8502 |    394 |    788 |   6385 |   9 |  988.4 |
         Sewer |    258 |    258 |      0 |     73 |    154 |   1 |  258.0 |
               +--------+--------+--------+--------+--------+-----+--------+

Top non-repeatable levels by time:
     D:5: 1515 daAuts
     D:6: 1300 daAuts
     D:2: 1272 daAuts
     D:8: 1264 daAuts
     D:3: 1228 daAuts
     D:1: 960 daAuts
     D:7: 918 daAuts
     D:4: 334 daAuts
   Sewer: 258 daAuts
     D:9: 102 daAuts

Table legend:
 A = Non-vault XP
 B = Vault XP
 C = Vault XP percentage of total XP
 D = Non-vault monster count
 E = Vault monster count
 F = Vault count percentage of total count
                 A         B        C        D         E       F
            +---------+---------+-------+---------+---------+-------
      Total |    4358 |    1414 |  24.5 |     136 |      18 |  11.7
            +---------+---------+-------+---------+---------+-------
        D:1 |      42 |       7 |  14.3 |      24 |       4 |  14.3
        D:2 |     208 |      17 |   7.6 |      26 |       3 |  10.3
        D:3 |     119 |      41 |  25.6 |      19 |       3 |  13.6
        D:4 |     133 |       0 |   0.0 |       4 |       0 |   0.0
        D:5 |     722 |     756 |  51.2 |      21 |       2 |   8.7
        D:6 |     475 |       4 |   0.8 |      14 |       2 |  12.5
        D:7 |     369 |     184 |  33.3 |      11 |       1 |   8.3
        D:8 |    1370 |     254 |  15.6 |      12 |       2 |  14.3
        D:9 |     920 |       0 |   0.0 |       5 |       0 |   0.0
      Sewer |       0 |     151 | 100.0 |       0 |       1 | 100.0
            +---------+---------+-------+---------+---------+-------
